 Dungeon Crawl Stone Soup version 0.20-a0-299-gec7c366 (webtiles) character file.

238 Da5id the Spear-Bearer (level 6, -2/47 HPs)
             Began as a Merfolk Berserker on Dec 15, 2016.
             Was a Believer of Trog.
             Killed from afar by CanOfBees's ghost (22 damage)
             ... with an orb of energy
             ... on level 4 of the Dungeon.
             The game lasted 00:04:13 (3662 turns).

Da5id the Spear-Bearer (Merfolk Berserker)          Turns: 3662, Time: 00:04:13

Health: -2/47      AC:  2    Str: 20    XL:     6   Next: 7%
Magic:  6/6        EV: 14    Int:  6    God:    Trog [**....]
Gold:   95         SH:  0    Dex: 13    Spells: 5/5 levels left

rFire  . . .     SeeInvis .     a - +0 spear
rCold  . . .     Gourm    .     b - +0 animal skin
rNeg   . . .     Faith    .     (no shield)
rPois  .         Spirit   .     (no helmet)
rElec  .         Reflect  .     (no cloak)
rCorr  .         Harm     .     (no gloves)
MR     .....                    (no boots)
Stlth  +.........               (no amulet)
                                (no ring)
                                (no ring)

@: exhausted, slowed, very slow
A: change form in water, swift swim, stealthy swim
a: Berserk, Trog's Hand, Burn Spellbooks, Renounce Religion


You were on level 4 of the Dungeon.
You worshipped Trog.
Trog was pleased with you.
You were not hungry.

You visited 1 branch of the dungeon, and saw 4 of its levels.

You collected 95 gold pieces.

Inventory:

Hand Weapons
 a - a +0 spear (weapon)
Armour
 b - a +0 animal skin (worn)
Scrolls
 e - 4 scrolls of identify {unknown}
 j - a scroll of blinking {unknown}
 n - 2 scrolls of teleportation {unknown}
 o - a scroll of fog {unknown}
 r - 3 scrolls of immolation {unknown}
 t - a scroll of recharging {unknown}
 u - a scroll of amnesia {unknown}
 x - a scroll of random uselessness {unknown}
 y - a scroll of noise {unknown}
Potions
 f - a potion of heal wounds {unknown}
 g - 3 potions of curing {unknown}
 h - a potion of ambrosia {unknown}
 i - 3 potions of resistance {unknown}
 l - a potion of flight {unknown}
 p - a potion of agility {unknown}
 q - a potion of lignification {unknown}
 s - a potion of degeneration {unknown}
 v - a potion of magic {unknown}
 A - a potion of cancellation {unknown}
 B - a potion of might {unknown}
Comestibles
 c - 3 bread rations
 d - a meat ration
 k - a royal jelly
 m - a beef jerky
 w - a slice of pizza


   Skills:
 - Level 3.2 Fighting
 + Level 8.8 Polearms
 - Level 1.3 Armour
 + Level 4.2 Dodging


You had 5 spell levels left.
You didn't know any spells.

Dungeon Overview and Level Annotations

Branches:
Dungeon (4/15)
 Temple: D:4-7

Altars:
Fedhas
Ru
Uskayaw
Zin

Annotations:
D:4 CanOfBees's ghost, novice DECj


Message History

CanOfBees's ghost misses you.
You hit CanOfBees's ghost but do no damage.
CanOfBees's ghost is lightly damaged.
CanOfBees's ghost hits you but does no damage.
You barely miss CanOfBees's ghost.
CanOfBees's ghost is lightly damaged.
CanOfBees's ghost gestures at you while chanting.
The orb of energy misses you.
The orb of energy explodes!
You closely miss CanOfBees's ghost.
CanOfBees's ghost is lightly damaged.
CanOfBees's ghost hits you. CanOfBees's ghost burns you.
You completely miss CanOfBees's ghost.
CanOfBees's ghost is lightly damaged.
CanOfBees's ghost misses you.
You miss CanOfBees's ghost.
CanOfBees's ghost is lightly damaged.
CanOfBees's ghost screams, "You will never get the ORB!"
CanOfBees's ghost gestures at you while chanting.
The orb of energy hits you!
You die...

#######..................
...# ###...............#
...###..................#
.......###...............
........(..............
.############....#... .#
##..##.#.# .#+#
##..###.W.# ...#
##..#####@.#
#########..#.......# ##
#..)...##..........#
.###.#######...>.....##
.##..# #.......### ....##
#.......# ##### #########


You could see CanOfBees's ghost.

Vanquished Creatures
  An ogre (D:4)
  7 adders
  An ooze (D:2)
  An adder skeleton (D:4)
  2 worms (D:2)
  A dart slug (D:1)
  A leopard gecko (D:2)
  An orc (D:3)
  A ball python (D:1)
  10 bats
  4 giant cockroaches
  11 goblins
  3 hobgoblins
  12 jackals
  8 kobolds
  A quokka (D:2)
  A frilled lizard (D:3)
  6 rats
72 creatures vanquished.

Notes
Turn   | Place    | Note
-------+----------+-------------------------------------------
     0 | D:1      | Da5id the Merfolk Berserker began the quest for the Orb.
     0 | D:1      | Reached XP level 1. HP: 18/18 MP: 1/1
   111 | D:1      | Reached skill level 5 in Polearms
   111 | D:1      | Reached XP level 2. HP: 24/24 MP: 2/2
   753 | D:1      | Reached XP level 3. HP: 29/29 MP: 3/3
   806 | D:1      | You fall through a shaft!
   822 | D:2      | Reached skill level 6 in Polearms
   842 | D:2      | Found a hide-covered altar of Uskayaw.
   874 | D:2      | Reached ** piety under Trog
  1351 | D:1      | Reached XP level 4. HP: 35/35 MP: 4/4
  1413 | D:2      | Reached skill level 7 in Polearms
  2486 | D:2      | Reached skill level 8 in Polearms
  2891 | D:2      | Reached XP level 5. HP: 41/41 MP: 5/5
  3148 | D:3      | Found a sacrificial altar of Ru.
  3516 | D:3      | Found a blossoming altar of Fedhas.
  3517 | D:3      | Found a glowing silver altar of Zin.
  3614 | D:4      | Noticed an ogre
  3615 | D:4      | Noticed CanOfBees's ghost (novice DECj)
  3635 | D:4      | Killed an ogre
  3635 | D:4      | Reached XP level 6. HP: 47/47 MP: 6/6
  3662 | D:4      | Killed from afar by CanOfBees's ghost

Vault maps used:
D:1:      dpeg_arrival_boxorama
D:2:      minmay_door_path, eat_drink_and_be_merry_uskayaw, st_stairs_14,
          hex_intersection, kennysheep_generic_room_14
D:3:      minitemple, hangedman_abyss_or_decor_lesser_grid,
          nicolae_ru_awakened_eye
D:4:      kennysheep_mini, first_bread

Skill      XL: |  1  2  3  4  5 |
---------------+----------------+-----
Polearms       | 5 6 8 |  8.8
Dodging        | 4 |  4.2
Fighting       | |  3.2
Armour         | |  1.3

Action                   |  1- 3 |  4- 6 || total
-------------------------+-------+-------++-------
Melee: Spear             |   105 |   171 ||   276
Invok: Berserk           |     1 |     5 ||     6
 Stab: Sleeping          |       |     1 ||     1
  Eat: Chunk             |     2 |    11 ||    13
       Pizza             |       |     1 ||     1
Armor: Animal skin       |    10 |    23 ||    33
Dodge: Dodged            |    52 |    96 ||   148
